Map: Triton LE

Players

Vaisravana

  • Race: Zerg Zerg
  • Spawn Location: 11:00

A.I. 1 (Very Easy) - Winner!

  • Race: Terran Terran
  • Spawn Location: 5:00

VOD

Have the link to the VOD?

Description

Time

  • Played on: Dec. 23, 2019, 10:30 a.m.
  • Length: 12:24
Show
View Real Time Build Order
Export as new Build Order

Vaisravana Zerg 

Build Orders: Pool First, Muta Ling Bane 

Get SALT Encoding   

  12  0:01  Drone  
  13  0:13  Overlord  
  13  0:16  Drone  
  14  0:31  Drone x2  
  14  0:35  Drone  
  17  0:45  Drone  
  17  0:49  Spawning Pool  
  17  1:10  Hatchery  
  16  1:13  Extractor  
  16  1:15  Drone  
  16  1:17  Drone  
  17  1:20  Drone  
  18  1:29  Drone  
  19  1:35  Queen  
  19  1:39  Zergling x2  
  22  1:50  Overlord  
  22  2:10  Drone  
  22  2:11  Queen, Drone  
  26  2:22  Queen  
  28  2:23  Drone x2, Metabolic Boost  
  30  2:35  Drone x2  
  32  2:43  Overlord  
  32  2:47  Drone x3  
  32  2:48  Drone  
  36  2:53  Lair  
  36  2:55  Extractor  
  35  3:01  Drone  
  35  3:04  Queen  
  38  3:06  Drone  
  38  3:09  Drone  
  38  3:11  Drone  
  41  3:20  Roach Warren  
  41  3:21  Evolution Chamber  
  41  3:26  Evolution Chamber  
  38  3:28  Evolution Chamber  
  38  3:30  Evolution Chamber  
  39  3:34  Drone x3  
  39  3:35  Drone  
  42  3:43  Drone x2  
  44  3:52  Spire  
  43  3:56  Drone, Overlord  
  43  4:01  Extractor  
  43  4:02  Extractor  
  43  4:03  Drone x2  
  43  4:06  Overlord  
  43  4:09  Overlord  
  44  4:23  Drone x6  
  44  4:24  Drone  
  51  4:32  Overlord x2  
  51  4:39  Zergling x6  
  51  4:41  Zergling x2  
  51  4:43  Zergling x2  
  51  4:45  Zergling x2  
  57  4:59  Overlord  
  57  5:04  Mutalisk  
  57  5:05  Mutalisk x3  
  57  5:06  Mutalisk  
  67  5:09  Mutalisk  
  67  5:13  Mutalisk  
  71  5:15  Zergling x2  
  71  5:18  Zergling x2  
  71  5:19  Zergling x2  
  74  5:25  Mutalisk  
  76  5:33  Mutalisk  
  78  5:47  Hatchery  
  77  5:53  Mutalisk  
  77  5:54  Mutalisk  
  81  5:59  Mutalisk  
  81  6:01  Drone x5  
  88  6:12  Drone x2  
  88  6:13  Baneling Nest  
  89  6:19  Drone  
  89  6:20  Drone x2  
  89  6:21  Overlord x3  
  92  6:25  Zerg Ground Armor Level 1  
  91  6:42  Drone x3, Zerg Flyer Weapons Level 1  
  91  6:43  Drone  
  91  6:46  Drone  
  91  6:47  Drone, Zerg Melee Weapons Level 1  
  96  6:48  Overseer  
  96  6:50  Drone x2  
  96  6:51  Drone x2  
  101  6:55  Drone x2  
  101  6:57  Centrifical Hooks  
  101  6:59  Drone  
  104  7:03  Drone x2  
  106  7:10  Drone  
  106  7:12  Drone x2  
  109  7:18  Extractor  
  109  7:20  Extractor  
  109  7:21  Drone x2  
  109  7:22  Hatchery  
  108  7:23  Baneling x6  
  108  7:25  Drone x2  
  110  7:38  Hatchery  
  109  7:50  Zergling x12  
  109  7:51  Zergling x12  
  119  7:53  Baneling x2  
  119  7:55  Overlord  
  119  7:56  Overlord  
  121  7:59  Overlord  
  121  8:13  Overlord x2  
  121  8:18  Drone x6  
  127  8:20  Drone x3  
  127  8:21  Drone  
  127  8:22  Drone  
  127  8:25  Extractor  
  131  8:33  Zerg Ground Armor Level 2  
  131  8:35  Zerg Flyer Weapons Level 2  
  131  8:38  Overlord  
  131  8:42  Zerg Melee Weapons Level 2  
  131  8:47  Drone x2  
  133  8:48  Mutalisk x5  
  133  8:49  Mutalisk x3  
  133  8:52  Mutalisk  
  133  8:53  Zergling x2  
  133  8:54  Zergling x4  
  154  8:59  Overlord x3  
  154  9:04  Zergling x2  
  154  9:05  Zergling x10  
  160  9:11  Mutalisk x3  
  160  9:13  Mutalisk  
  168  9:29  Overseer  
  168  9:32  Zergling x2, Infestation Pit  
  168  9:33  Zergling x22  
  168  9:35  Baneling  
  168  9:36  Baneling  
  168  9:37  Hatchery  
  168  9:38  Zergling x8  
  182  9:49  Zergling x8  
  182  9:50  Zergling x10  
  182  9:51  Baneling x11  
  191  10:00  Zergling x16  
  199  10:09  Hive  
  199  10:12  Baneling  
  199  10:13  Baneling x9  
  199  10:50  Overlord  
  199  11:19  Hatchery  
  199  11:22  Ultralisk Cavern  
  197  11:36  Overlord  
  197  11:43  Baneling x8  
  197  11:53  Zergling x4  
Show
View Real Time Build Order
Export as new Build Order

A.I. 1 (Very Easy) Terran - Winner!

Build Orders:  

Get SALT Encoding   

  12  0:00  SCV  
  13  0:13  SCV  
  14  0:18  Supply Depot  
  14  0:37  Refinery  
  14  0:42  Barracks  
  14  1:03  Supply Depot  
  14  1:11  Refinery  
  14  1:28  SCV  
  14  1:30  Marine  
  16  1:40  SCV  
  17  1:53  SCV  
  18  2:05  SCV, Marine  
  20  2:17  SCV  
  21  2:29  SCV  
  22  2:41  Marine  
  22  2:42  Orbital Command  
  23  5:50  SCV  
  23  6:00  Marine  
  23  6:01  Supply Depot  
  23  6:02  SCV  
  23  6:03  Factory  
  25  6:22  SCV  
  26  6:26  Supply Depot  
  26  6:31  Marine  
  24  6:35  SCV  
  25  6:44  Command Center  
  26  6:47  SCV  
  26  6:50  Barracks Tech Lab, Starport  
  26  6:59  SCV  
  26  7:01  Hellion  
  29  7:27  Starport Tech Lab  
  29  7:29  Hellion  
  31  7:46  Raven  
  33  7:57  SCV  
  34  8:01  Marine  
  34  8:04  SCV  
  36  8:07  Refinery  
  36  8:10  Refinery  
  36  8:11  SCV  
  37  8:18  SCV  
  38  8:20  Barracks Tech Lab  
  38  8:26  SCV  
  39  8:29  Raven  
  39  8:33  SCV  
  42  8:39  Marine  
  42  8:40  SCV  
  44  8:47  SCV  
  45  8:54  SCV  
  46  9:02  SCV  
  47  9:09  SCV  
  48  9:11  Marauder  
  48  9:16  SCV  
  50  9:23  SCV  
  51  9:30  SCV  
  52  9:38  SCV  
  53  9:43  Marine  
  53  9:45  SCV  
  53  9:48  Supply Depot  
  52  9:53  SCV  
  43  10:00  SCV  
  32  10:07  SCV  
  32  10:12  Viking  
  35  10:15  SCV  
  36  10:22  SCV  
  37  10:29  SCV  
  38  10:37  SCV  
  38  10:41  Hellion  
  41  10:44  SCV  
  42  10:51  SCV  
  43  10:59  Medivac, SCV  
  46  11:04  Factory Tech Lab  
  46  11:06  SCV  
  46  11:10  Marine  
  48  11:13  SCV  
  48  11:18  Supply Depot  
  49  11:20  SCV  
  37  11:28  SCV  
  37  11:29  Marine  
  37  11:30  Starport Tech Lab  
  36  11:35  SCV  
  36  11:43  SCV  
  37  11:48  Medivac, Marine  
  37  11:50  SCV  
  40  11:57  SCV  
  41  12:05  SCV  
  41  12:07  Factory Tech Lab  
  41  12:12  SCV  
Tags
 
Composition
Muta Ling Bane
Matchup
TvZ
Opening
Pool First
Spawn Locations
Cross Positions
Add a new tag
Caveats
  • Supply blocks, unpowered buildings, or Contaminate may cause inaccurate times.
  • Supply counts are checked every 10 seconds.